AoeStats
← XXYY

Nomad

508803779Analyzed
4v4 RM · 7d ago on Sep 24, 2026· 58m 44s· 8 players
Game mode
Random Map
Map size
231×231
Population
200
Speed
Normal
Resources
Standard
Victory
Conquest
Starting age
Dark Age
Ending age
Imperial Age
RankedLock teamsTeams togetherTeam positionsShared explorationLock speedFull tech treeHidden civsTurbo modeCheats
Victory
Defeat
🇩🇴 Berbers · Dominican Republic
1785
+14
🇳🇿 Magyars · New Zealand
1759
+15
🇲🇽 Bengalis · Mexico
1659
+19
🇲🇽 Khitans · Mexico
1645
+20
🇺🇸 Sicilians · United States
1880
-24
🇺🇸 Burgundians · United States
1702
-16
🇨🇳 Aztecs · China
1672
-14
🇦🇷 Huns · Argentina
1669
-14
[SotC] Spirit
6:10 Loom
13:13 Feudal Age
13:52 Double-Bit Axe
20:34 Castle Age
19:16 Horse Collar
19:59 Scale Barding Armor
19:39 Fishing Lines
20:57 Forging
21:26 Bloodlines
21:14 Gillnets
21:06 Light Cavalry
23:41 Chain Barding Armor
24:26 Bow Saw
24:20 Husbandry
25:21 Heavy Plow
26:34 Iron Casting
27:56 Wheelbarrow
28:32 Iron Casting
31:10 Gold Mining
37:37 Padded Archer Armor
38:18 Ballistics
39:40 Fletching
43:04 Imperial Age
41:18 Gold Shaft Mining
41:05 Bodkin Arrow
41:48 Leather Archer Armor
41:49 Hand Cart
44:36 Stone Mining
45:52 Ring Archer Armor
46:06 Crossbowman
46:07 Elite Elephant Archer
48:00 Bracer
48:31 Ring Archer Armor
52:07 Two-Man Saw
52:01 Arrowslits
53:17 Chemistry
56:32 Siege Engineers
56:37 Masonry
56:06 Siege Elephant
57:32 Plate Barding Armor
57:58 Blast Furnace
58:48 Scale Mail Armor
59:21 Architecture
58:47 Murder Holes
59:02 Fortified Wall
UxCima
4:56 Loom
13:30 Feudal Age
14:07 Double-Bit Axe
17:30 Fletching
23:08 Castle Age
24:43 Medium Warships
29:46 Scale Barding Armor
31:16 Domestication
32:09 Bow Saw
33:27 Wheelbarrow
33:54 Forging
35:27 Hand Cart
35:55 Iron Casting
35:31 Gold Mining
41:21 Imperial Age
38:57 Husbandry
38:59 Stone Mining
40:53 Bodkin Arrow
41:20 Pastoralism
41:12 Light Cavalry
42:15 Chain Barding Armor
44:21 Two-Man Saw
45:56 Conscription
46:10 Ordo Cavalry
45:52 Elite Steppe Lancer
46:57 Ordo Cavalry
47:29 Plate Barding Armor
47:57 Transhumance
48:49 Chemistry
48:48 Hussar
50:04 Bracer
51:40 Town Watch
53:05 Heavy Camel Rider
54:29 Stone Mining
55:11 Ballistics
RD | Kiko
3:37 Loom
14:15 Feudal Age
17:52 Castle Age
16:17 Double-Bit Axe
16:31 Fletching
18:49 Bow Saw
18:36 Bodkin Arrow
19:27 Wheelbarrow
19:18 Fishing Lines
20:58 Horse Collar
24:28 Town Watch
35:07 Imperial Age
33:52 Padded Archer Armor
35:51 Bracer
36:39 Ballistics
36:28 Husbandry
36:39 Bloodlines
38:21 Chemistry
39:36 Hand Cart
40:16 Elite Camel Archer
42:19 Thumb Ring
45:20 Leather Archer Armor
46:48 Masonry
49:26 Siege Engineers
XXYY
5:37 Loom
13:59 Feudal Age
17:40 Castle Age
17:11 Double-Bit Axe
18:31 Medium Warships
23:04 Demolition Ship
31:49 Scale Barding Armor
32:34 Bow Saw
32:05 Horse Collar
33:34 Scale Barding Armor
34:59 Town Watch
35:49 Wheelbarrow
36:13 Chain Barding Armor
40:48 Imperial Age
38:56 Stone Mining
38:57 Gold Mining
40:15 Bloodlines
40:06 Husbandry
42:08 Plate Barding Armor
41:55 Conscription
41:48 Heavy Plow
42:40 Corvinian Army
43:32 Coinage
45:05 Gold Shaft Mining
45:15 Elite Magyar Huszar
46:37 Hand Cart
47:37 Fletching
48:25 Bodkin Arrow
49:44 Bracer
52:01 Banking
52:37 Ballistics
53:22 Caravan
54:09 Masonry
55:14 Padded Archer Armor
嗚
9:38 Double-Bit Axe
13:27 Feudal Age
12:05 Fishing Lines
12:33 Gold Mining
13:08 Loom
14:26 Bow Saw
20:29 Castle Age
18:31 Gillnets
19:27 Gold Shaft Mining
21:22 Medium Warships
22:34 Clinker Construction
23:42 Careening
27:45 Two-Man Saw
27:14 Stone Mining
32:05 Horse Collar
33:45 Stone Shaft Mining
34:46 Scale Barding Armor
34:52 Forging
36:15 Chain Barding Armor
36:33 Wheelbarrow
36:56 Iron Casting
37:20 Husbandry
40:41 Imperial Age
38:42 Hand Cart
39:58 Town Watch
40:15 Heavy Plow
40:10 Fletching
41:59 Plate Barding Armor
41:47 Conscription
42:48 Blast Furnace
41:45 Elite Coustillier
43:31 Light Cavalry
44:37 Bodkin Arrow
Bubbagump
4:36 Loom
12:52 Feudal Age
13:20 Double-Bit Axe
19:06 Castle Age
18:06 Fishing Lines
18:48 Forging
19:01 Gold Mining
19:57 Medium Warships
20:00 Bow Saw
20:34 Iron Casting
23:06 Horse Collar
24:57 Wheelbarrow
25:26 Town Watch
26:45 Scale Mail Armor
27:53 Fletching
28:00 Stone Mining
28:45 Gold Shaft Mining
28:34 Chain Mail Armor
28:46 Bodkin Arrow
31:48 Heavy Plow
36:02 Imperial Age
34:58 Masonry
35:09 Ballistics
36:55 Hand Cart
37:14 Plate Mail Armor
36:42 Arson
36:57 Squires
39:44 Blast Furnace
39:08 Elite Serjeant
40:15 Conscription
40:43 Stone Shaft Mining
42:30 Pikeman
42:48 Capped Ram
44:24 Siege Ram
47:34 Chemistry
51:24 Bracer
53:22 Guilds
52:37 Onager
55:16 Murder Holes
PWLG | Legend
4:31 Loom
13:24 Feudal Age
17:12 Castle Age
17:49 Double-Bit Axe
17:45 Horse Collar
24:59 Fletching
32:42 Town Watch
小白
4:25 Loom
13:28 Feudal Age
17:02 Castle Age
15:48 Scale Mail Armor
15:36 Double-Bit Axe
18:00 Chain Mail Armor
17:49 Squires
19:51 Eagle Warrior
23:46 Forging
23:25 Horse Collar
24:29 Bow Saw
26:10 Gold Mining
28:55 Pikeman
33:37 Heavy Plow
39:09 Imperial Age
37:58 Wheelbarrow
36:55 Man-at-Arms
37:43 Long Swordsman
38:10 Gambesons
39:06 Gold Shaft Mining
39:07 Hand Cart
38:44 Stone Mining
39:28 Two-Handed Swordsman
40:55 Ballistics
40:28 Fletching
42:20 Plate Mail Armor
41:48 Champion
41:52 Champion
43:03 Arson
43:55 Iron Casting
43:42 Conscription
44:57 Crop Rotation
45:25 Stone Shaft Mining
46:56 Blast Furnace
50:13 Bodkin Arrow
52:53 Atlatl
52:54 Bracer
53:22 Elite Skirmisher
53:27 Crossbowman
55:00 Padded Archer Armor
56:11 Chemistry
56:22 Leather Archer Armor
56:51 Garland Wars
Connection lost

Rejoining the realm…

Still unreachable

The connection could not be restored.

Session expired

The server has moved on; the page needs a fresh start.